 Dungeon Crawl Stone Soup version 0.20-a0-428-g059cf21 (webtiles) character file.

9089 N00B the Severer (level 11, -1/93 HPs)
             Began as a Hill Orc Fighter on Jan 1, 2017.
             Was an Elder of Beogh.
             Killed from afar by an ice statue (29 damage)
             ... with a shard of ice
             ... in an ice cave.
             The game lasted 00:15:56 (9160 turns).

N00B the Severer (Hill Orc Fighter)                 Turns: 9160, Time: 00:15:57

Health: -1/93      AC: 15    Str: 22      XL:     11   Next: 41%
Magic:  12/15      EV:  6    Int:  8      God:    Beogh [****..]
Gold:   447        SH: 18    Dex: 10 (11) Spells: 10/10 levels left

rFire  + . .     SeeInvis .     a - +1 war axe
rCold  . . .     Gourm    .     u - +0 plate armour
rNeg   . . .     Faith    .     c - +4 shield
rPois  .         Spirit   .     (helmet restricted)
rElec  .         Reflect  +     (no cloak)
rCorr  .         Harm     .     (no gloves)
MR     +....                    h - +1 pair of boots
Stlth  ..........               o - +3 amulet of reflection
                                (no ring)
                                D - ring of protection from fire

@: no status effects
A: horns 1, deterioration 1, magic resistance 1
a: Smiting, Recall Orcish Followers, Renounce Religion


You were in an ice cave.
You worshipped Beogh.
Beogh was greatly pleased with you.
You were not hungry.

You visited 1 branch of the dungeon, and saw 11 of its levels.
You also visited: Sewer and Ice Cave.

You collected 543 gold pieces.
You spent 96 gold pieces at shops.

Inventory:

Hand Weapons
 a - a +1 war axe (weapon)
Armour
 b - a +0 scale mail
 c - a +4 shield (worn)
 h - a +1 pair of boots (worn)
 u - a +0 plate armour (worn)
Jewellery
 i - an uncursed amulet of harm
 o - a +3 amulet of reflection (around neck)
 D - a ring of protection from fire (left hand)
Wands
 v - a wand of digging (23/24)
 y - a wand of digging (8/24)
 z - a wand of polymorph (12/24)
 A - a wand of paralysis (4/24)
 C - a wand of polymorph (7/24)
 F - a wand of disintegration (11/24)
Scrolls
 g - 3 scrolls of remove curse
 j - 4 scrolls of amnesia
 s - 4 scrolls of identify
 t - a scroll of enchant weapon
 B - a scroll of torment
Potions
 d - 3 potions of flight
 e - 5 potions of curing
 k - 2 potions of haste
 m - a potion of ambrosia {unknown}
 n - a potion of invisibility {unknown}
 p - 2 potions of heal wounds
 r - 2 potions of agility
 w - a potion of might
Books
 x - a book of Power

   Spells                             Type                      Level
   a - Fulminant Prism                Conjuration/Hexes            4
   b - Iskenderun's Mystic Blast      Conjuration                  4
   c - Venom Bolt                     Conjuration/Poison           5
   d - Bolt of Magma                  Conjuration/Fire/Earth       5
   e - Iron Shot                      Conjuration/Earth            6
   f - Orb of Destruction             Conjuration                  7
   g - Spellforged Servitor           Conjuration/Summoning        7
Comestibles
 f - 12 bread rations
 l - 10 meat rations
 q - 4 beef jerkies
 E - a slice of pizza


   Skills:
 + Level 7.7 Fighting
 * Level 15.9 Axes
 + Level 6.7 Armour
 + Level 1.7 Dodging
 + Level 8.4 Shields
 * Level 6.3 Invocations


You had 10 spell levels left.
You didn't know any spells.

Dungeon Overview and Level Annotations

Branches:
Dungeon (11/15)            Temple (0/1) D:5            Lair (0/6) D:8
    Orc (0/2) D:11

Altars:
Gozag
Xom
The Shining One

Shops:
D:6 }%!(!

Annotations:
IceCv exclusion: 2 ice statues


Innate Abilities, Weirdness & Mutations

You have a pair of small horns on your head.
Your body sometimes deteriorates upon taking damage.
You are resistant to hostile enchantments. (MR+)


Message History

The white ugly thing is too close now for your liking.
A white ugly thing is nearby!
Evoke which item? (* to show all) (? for menu, Esc to quit)
Okay, then.
Aiming: Smiting
Press: ? - help, Dir - move target cursor, f - white ugly thing Smite: a white ugly thing You smite the white ugly thing!
The white ugly thing is heavily wounded.
Marking area around the ice statue as unsafe for travelling.
Marking area around the ice statue as unsafe for travelling. 2 ice statues come into view.
The white ugly thing trunk-slaps you!
Your body deteriorates!
You feel clumsy. The white ugly thing freezes you!!
The ice statue gestures at you. The bolt of cold hits you!
The ice statue gestures at you. The shard of ice hits you!
You die...

############# #######
##....8#[....## ##.....#
#......#......###......#
.......#.......#.......#
.......#.......#.......#
......u@..........∩..∩.#
.......#.......#.......#
.......#.......#.......#
#......#$.....###......#
##....8#!$)..## ##.....#
############# #######


You could see 2 ice statues and a white ugly thing.

Vanquished Creatures
  An ice dragon (D:11)
  The ghost of kal9871 the Carver, a novice SpAK of Lugonu (D:9)
  A merfolk (D:9)
  2 polar bears (D:11)
  A hippogriff (D:10)
  7 yaks
  A water moccasin (D:10)
  3 porcupines (D:8)
  2 sky beasts
  A black bear (D:6)
  A necrophage (D:7)
  3 orc warriors
  8 ice beasts
  2 phantoms
  4 ogres
  A wolf (D:11)
  3 centaurs
  A crocodile (D:8)
  2 big kobolds
  4 bullfrogs
  2 gnoll sergeants
  A water moccasin zombie (D:10)
  3 scorpions
  3 electric eels
  6 crimson imps
  A bullfrog zombie (D:10)
  3 hounds
  3 centaur skeletons
  3 orc priests
  7 orc wizards
  3 iguanas
  9 worker ants
  A hound zombie (D:10)
  A howler monkey zombie (D:7)
  A worker ant zombie (D:5)
  10 gnolls
  18 adders
  8 river rats
  A shadow imp (D:9)
  2 oozes
  An adder zombie (D:5)
  4 worms
  A dart slug (D:3)
  7 leopard geckos
  15 orcs
  9 bats
  6 giant cockroaches
  12 goblins
  7 hobgoblins
  8 jackals
  26 kobolds
  7 quokkas
  A ball python (D:1)
  3 frilled lizards
  A jackal skeleton (D:4)
  A jackal zombie (D:7)
  A quokka skeleton (D:5)
  13 rats
  5 fungi (D:8)
  A plant (D:8)
264 creatures vanquished.

Vanquished Creatures (collateral kills)
  2 two-headed ogres
  Prince Ribbit (D:9)
  A hippogriff (D:8)
  A yak (D:11)
  A sky beast (D:9)
  A big kobold (D:9)
  A scorpion (D:8)
  A crimson imp (D:10)
  A quasit (D:10)
  A bullfrog skeleton (D:9)
  A hound (D:8)
  2 orc wizards (D:10)
  An adder (D:8)
  A kobold (D:9)
  A fungus (D:8)
17 creatures vanquished.

Vanquished Creatures (others)
  A bullfrog (D:6)
  2 orc priests (D:6)
  An orc wizard (D:6)
  5 orcs
  A kobold (D:10)
10 creatures vanquished.

Grand Total: 291 creatures vanquished

Notes
Turn   | Place    | Note
-------+----------+-------------------------------------------
     0 | D:1      | N00B the Hill Orc Fighter began the quest for the Orb.
     0 | D:1      | Reached XP level 1. HP: 19/19 MP: 1/1
   200 | D:1      | Reached skill level 3 in Axes
   200 | D:1      | Reached XP level 2. HP: 23/27 MP: 2/2
   541 | D:1      | Reached XP level 3. HP: 33/33 MP: 3/3
  1363 | D:2      | Reached skill level 4 in Axes
  1518 | D:2      | Reached XP level 4. HP: 40/40 MP: 4/4
  1816 | D:3      | You fall through a shaft for 3 floors!
  1816 | D:6      | Noticed an ogre
  1822 | D:6      | Killed an ogre
  1822 | D:6      | Reached skill level 5 in Axes
  1822 | D:6      | Reached XP level 5. HP: 38/46 MP: 5/5
  1867 | D:6      | Reached skill level 1 in Dodging
  2037 | D:6      | Noticed an orc warrior
  2059 | D:6      | Killed an orc warrior
  2059 | D:6      | Reached XP level 6. HP: 52/52 MP: 6/6
  2060 | D:6      | Reached skill level 6 in Axes
  2179 | D:6      | Found Ohehi's Distillery.
  2185 | D:6      | Found Padop's Distillery.
  2187 | D:6      | Bought a potion of heal wounds for 60 gold pieces
  2197 | D:6      | Reached skill level 5 in Shields
  2197 | D:6      | Reached XP level 7. HP: 47/59 MP: 7/7
  2206 | D:6      | Reached skill level 7 in Axes
  2503 | D:6      | Bought a potion of curing for 36 gold pieces
  2514 | D:6      | Became a worshipper of Beogh the Brigand
  2834 | D:6      | Reached skill level 8 in Axes
  2984 | D:6      | Reached XP level 8. HP: 67/67 MP: 8/8
  2988 | D:6      | Found Emicauh's Weapon Shoppe.
  2999 | D:6      | Found Impog's Food Shop.
  3218 | D:5      | Entered Level 5 of the Dungeon
  3297 | D:5      | Found a glowing drain.
  3306 | Sewer    | Entered a sewer
  3310 | Sewer    | Reached skill level 9 in Axes
  3318 | Sewer    | Reached * piety under Beogh
  3318 | Sewer    | Reached skill level 5 in Fighting
  3485 | Sewer    | Found a white marble altar of Elyvilon.
  3586 | D:5      | Found a staircase to the Ecumenical Temple.
  3766 | D:4      | Reached skill level 10 in Axes
  3766 | D:4      | Reached skill level 5 in Armour
  4134 | D:4      | Reached ** piety under Beogh
  4328 | D:3      | Found a glowing golden altar of the Shining One.
  5268 | D:5      | Reached skill level 11 in Axes
  5268 | D:5      | Reached XP level 9. HP: 68/74 MP: 9/9
  5547 | D:6      | Found Wiptum's Gadget Emporium.
  5714 | D:7      | Gained mutation: You have a pair of small horns on your head. [potion of mutation]
  5714 | D:7      | Gained mutation: Your body sometimes deteriorates upon taking damage. [potion of mutation]
  5714 | D:7      | Gained mutation: You are resistant to hostile enchantments. (MR+) [potion of mutation]
  5790 | D:7      | Found an opulent altar of Gozag.
  6078 | D:7      | Reached skill level 12 in Axes
  6608 | D:8      | Reached *** piety under Beogh
  6948 | D:8      | Reached skill level 1 in Invocations
  7054 | D:8      | Reached skill level 13 in Axes
  7191 | D:8      | Found a staircase to the Lair.
  7237 | D:8      | Reached XP level 10. HP: 83/83 MP: 12/12
  7253 | D:8      | Noticed a two-headed ogre
  7258 | D:8      | Killed a two-headed ogre
  7606 | D:9      | Noticed kal9871's ghost (novice SpAK)
  7625 | D:9      | Killed kal9871's ghost
  7694 | D:9      | Found a shimmering altar of Xom.
  7698 | D:9      | Noticed Prince Ribbit
  7704 | D:9      | Killed Prince Ribbit
  7704 | D:9      | Reached skill level 14 in Axes
  8006 | D:10     | Entered Level 10 of the Dungeon
  8211 | D:10     | Reached **** piety under Beogh
  8344 | D:10     | Gained Marbaugh as an ally
  8498 | D:10     | Reached skill level 5 in Invocations
  8527 | D:10     | Reached skill level 15 in Axes
  8570 | D:10     | Noticed a two-headed ogre
  8576 | D:10     | Killed a two-headed ogre
  8576 | D:10     | Reached XP level 11. HP: 64/92 MP: 14/14
  8768 | D:11     | Found a frozen archway.
  8769 | D:11     | Noticed an ice dragon
  8800 | D:11     | Killed an ice dragon
  9058 | IceCv    | Entered an ice cave
  9157 | IceCv    | Noticed a white ugly thing
  9160 | IceCv    | Killed from afar by an ice statue

Vault maps used:
D:1:      minmay_arrival_stair_chambers, minmay_hexomino_p4
D:2:      first_bread
D:3:      kennysheep_cross_room, minmay_item_behind_shaft, tso_metal_star
D:4:      hangedman_minor_gate_pass
D:5:      portal_sewer_entry_e, minmay_misc_feat_x
D:6:      serial_shops, nicolae_shop_statue_plus, kennysheep_little_box, shop,
          shop, shop
D:7:      basic_altar
D:8:      grunt_lair_entry_orc_guard_hut
D:9:      basic_altar, hangedman_fish_farm, uniq_prince_ribbit1
D:10:     nrook_pool_corridor
D:11:     minmay_weird_star, orc_0_dummy,
          portal_ice_cave_entry_animals_and_master, st_stairs_8,
          minmay_misc_feat_square, uniq_sonja
Sewer:    sewer_kobolds
IceCv:    ice_cave_statue_garden_chambered

Skill      XL: |  1  2  3  4  5  6  7  8  9 10 11 |
---------------+----------------------------------+-----
Axes           | 3 4 5 6 8 11 13 15 | 15.9
Fighting       | 4 5 6 7 |  7.7
Armour         | 4 5 6 |  6.7
Shields        | 4 5 6 7 8 |  8.4
Dodging        | 1 |  1.7
Invocations    | 2 5 6 |  6.3

Action                   |  1- 3 |  4- 6 |  7- 9 | 10-12 || total
-------------------------+-------+-------+-------+-------++-------
Melee: War axe           |   156 |    71 |   530 |   221 ||   978
       Headbutt          |       |       |    19 |    49 ||    68
Invok: Convert to Beogh  |       |       |     1 |       ||     1
       Smiting           |       |       |       |     3 ||     3
  Use: Scroll            |     4 |     1 |    12 |     6 ||    23
       Potion            |       |     2 |     3 |     2 ||     7
 Stab: Distracted        |       |       |       |     2 ||     2
  Eat: Chunk             |     2 |     2 |     8 |       ||    12
       Meat ration       |       |       |     2 |     1 ||     3
       Royal jelly       |       |       |     1 |       ||     1
Armor: Scale mail        |    61 |     4 |    18 |       ||    83
       Skin              |       |     8 |       |       ||     8
       Plate armour      |       |       |   143 |    65 ||   208
Dodge: Dodged            |    42 |    20 |    87 |    28 ||   177
Block: Shield            |    85 |    52 |   362 |   121 ||   620
       Reflection        |     2 |       |     3 |     6 ||    11
